 Dungeon Crawl Stone Soup version 0.31-a0-507-gbafd7f5274 (webtiles) character file.

Game seed: 16637148572021766546

3878 randomguy2701 the Thaumaturge (level 10, -4/52 HPs)
             Began as a Deep Elf Necromancer on Aug 9, 2023.
             Was a Believer of Sif Muna.
             Killed from afar by an electric eel (11 damage)
             ... with a bolt of electricity
             ... on level 9 of the Dungeon.
             The game lasted 00:26:48 (9692 turns).

randomguy2701 the Thaumaturge (DENe)                Turns: 9692, Time: 00:26:49

Health: -4/52      AC:  7    Str:  5    XL:     10   Next: 0%
Magic:  17/28      EV: 12    Int: 31    God:    Sif Muna [**....]
Gold:   435        SH:  0    Dex: 15    Spells: 29/34 levels left

rFire   . . .        N - +0 orcbow
rCold   + . .        (shield currently unavailable)
rNeg    . . .        J - +2 leather armour {rC+}
rPois   .            E - +0 helmet
rElec   .            (no cloak)
rCorr   .            (no gloves)
SInv    .            I - +0 pair of boots
Will    ++...        (no amulet)
Stlth   ++           A - +6 ring of intelligence
HPRegen 0.28/turn    p - ring of willpower
MPRegen 0.21/turn

%: no passive effects
@: lethally poisoned (-4 -> -11), about to teleport, slowed, very slow
A: no striking features
a: Renounce Religion, Channel Magic


You were on level 9 of the Dungeon.
You worshipped Sif Muna.
Sif Muna was pleased with you.
You visited 1 branch of the dungeon, and saw 9 of its levels.

You collected 435 gold pieces.

Inventory:

Hand Weapons
 N - a +0 orcbow (weapon)
Armour
 a - a +0 robe
 E - a +0 helmet (worn)
 I - a +0 pair of boots (worn)
 J - a +2 leather armour of cold resistance (worn)
Magical Staves
 u - a staff of conjuration
Jewellery
 h - a +6 ring of strength
 p - a ring of willpower (right hand)
 v - a ring of ice
 A - a +6 ring of intelligence (left hand)
 D - an amulet of faith
 H - a +6 ring of strength
Wands
 m - a wand of polymorph (13)
 z - a wand of flame (16)
 F - a wand of quicksilver (29)
 K - a wand of roots (11)
Scrolls
 d - 2 scrolls of revelation {unknown}
 g - 2 scrolls of poison {unknown}
 i - 2 scrolls of amnesia {unknown}
 k - a scroll of identify
 n - 3 scrolls of torment
 o - a scroll of summoning {unknown}
 q - 2 scrolls of silence {unknown}
 w - 2 scrolls of blinking {unknown}
 x - a scroll of enchant armour {unknown}
 y - a scroll of fog {unknown}
 C - 2 scrolls of vulnerability {unknown}
 L - 2 scrolls of enchant weapon {unknown}
Potions
 b - a potion of magic
 c - a potion of berserk rage {unknown}
 e - 2 potions of enlightenment {unknown}
 f - a potion of curing
 j - 2 potions of mutation
 r - 2 potions of haste {unknown}
 s - a potion of resistance {unknown}
 t - 2 potions of cancellation {unknown}
 B - 2 potions of degeneration {unknown}
 G - a potion of lignification {unknown}
 M - a potion of attraction {unknown}
 O - a potion of brilliance {unknown}


   Skills:
 - Level 1.5 Fighting
 + Level 0.4 Ranged Weapons
 - Level 1.2 Armour
 + Level 3.9 Dodging
 + Level 3.4 Stealth
 + Level 12.5 Spellcasting
 + Level 2.6 Conjurations
 + Level 11.4 Necromancy
 * Level 2.1 Air Magic
 * Level 3.2 Invocations


You had 29 spell levels left.
You knew the following spells:

 Your Spells              Type           Power      Damage    Failure   Level
a - Necrotise             Necr           100%       1d9       1%          1
b - Vampiric Draining     Necr           74%        2d11      1%          3
c - Shock                 Conj/Air       100%       1d9       1%          1

Your spell library contained the following spells:

 Spells                   Type           Power      Damage    Failure   Level
 Animate Dead             Necr           74%        N/A       1%          4
 Agony                    Necr           74%        N/A       1%          5
 Apportation              Tloc           38%        N/A       4%          1
 Swiftness                Air            32%        N/A       5%          3
 Airstrike                Air            16%        2d(3-19)  17%         4
 Alistair's Intoxication  Tmut/Pois      12%        N/A       75%         5


Dungeon Overview and Level Annotations

Branches:
Dungeon (9/15)             Temple (0/1) D:6
   Lair: D:8-11         Orc: D:9-12

Altars:
Ashenzari
Elyvilon
Hepliaklqana
Qazlal
Sif Muna
Trog
Vehumet
Wu Jian
Xom
Zin

Annotations:
D:4 1 runed translucent door, Crazy Yiuf


Message History

The bullfrog hits you.
Casting: Necrotise (safe; 1% risk of failure)
Confirm with . or Enter, or press ? or * to list all spells.
Aiming: Necrotise (safe; 1% risk of failure)
Press: ? - help, Shift-Dir - straight line, f/p - bullfrog
Aim: a bullfrog (lightly wounded, chance to affect: 83%)
The bullfrog writhes in agony!
The bullfrog barely misses you.
Casting: Necrotise (safe; 1% risk of failure)
Confirm with . or Enter, or press ? or * to list all spells.
Aiming: Vampiric Draining (safe; 1% risk of failure)
Press: ? - help, Shift-Dir - straight line, f/p - bullfrog
Aim: a bullfrog (heavily wounded)
You draw life force from the bullfrog!
You kill the bullfrog!
Sif Muna accepts your kill.
You feel life coursing into your body.
The orc priest casts a cantrip, but nothing happens.
You have reached level 10!
You see here a bullfrog corpse.
Found an escape hatch in the floor.
There is an escape hatch in the floor here.
The orc priest looks braver for a moment.
You slide downwards.
The hatch slams shut behind you.
The hornet buzzes angrily.
The orc shouts! x2; You hear a shout!
The hornet stings you!
You are poisoned.
You feel yourself slow down.
The electric eel shoots out a bolt of lightning at you!
The bolt of electricity misses you.
As you read the scroll of teleportation, it crumbles to dust.
You feel strangely unstable.
You feel very sick. The hornet stings you!
* * * LOW HITPOINT WARNING * * *
You feel as though you will be slow longer.
An orc warrior comes into view. It is wielding a +0 dire flail.
A hound comes into view.
The electric eel shoots out a bolt of lightning at you!
The bolt of electricity hits you!
You die...

.# .#
#...o........
.#
#............
.#
#....o.......
##
#............ #
#.o.......... #
h.+............
#
......y........
#
.~...o.@~......
#
.~.~.~.~.......
##
.~~~~~≈........
.#
~.~≈≈≈~........
.+
~≈≈≈≈≈≈~.~.....
.#
≈~≈~≈≈≈≈~~.....
.#
.~.S.≈≈≈≈~.....
.#
....~≈≈≈≈~.....
.#


You could see a hornet, an orc warrior, a hound (wandering), an electric eel and
3 orcs.

Vanquished Creatures
  A cyclops (D:8)
  Grinder (D:5)
  A yak (D:9)
  Eustachio (D:6)
  A wyvern (D:7)
  Menkaure (D:4)
  Edmund (D:4)
  An orc warrior (D:7)
  A sky beast (D:6)
  An ice beast (D:7)
  2 black bears
  5 ogres
  3 centaurs
  A wyvern zombie (D:8)
  4 bullfrogs
  2 scorpions
  5 wights (D:8)
  3 killer bees (D:8)
  A howler monkey (D:6)
  3 jellies
  A centaur zombie (D:8)
  A hound (D:5)
  An orc priest (D:7)
  Terence (D:3)
  2 iguanas
  5 orc wizards
  10 adders
  A gnoll (D:6)
  A shadow imp (D:8)
  35 orcs
  7 ball pythons
  7 endoplasms
  2 giant cockroaches
  19 goblins
  2 hobgoblins
  A jackal (D:1)
  8 kobolds
  3 quokkas
  4 bats
  3 frilled lizards
  8 rats
161 creatures vanquished.

Vanquished Creatures (collateral kills)
  3 gnolls (D:6)
  An orc (D:3)
  A jackal (D:1)
  A rat (D:3)
6 creatures vanquished.

Vanquished Creatures (others)
  A wizard (D:4)
1 creature vanquished.

Grand Total: 168 creatures vanquished

Notes
Turn   | Place    | Note
-------+----------+-------------------------------------------
     0 | D:1      | randomguy2701 the Deep Elf Necromancer began the quest for
                  | the Orb.
     0 | D:1      | Reached XP level 1. HP: 10/10 MP: 6/6
    54 | D:1      | Reached skill level 5 in Necromancy
   230 | D:1      | Reached XP level 2. HP: 15/15 MP: 2/8
   646 | D:2      | Found a faded altar of an unknown god.
   884 | D:2      | Reached XP level 3. HP: 19/19 MP: 8/10
   983 | D:2      | Reached skill level 4 in Spellcasting
  1250 | D:2      | Noticed a black bear
  1618 | D:2      | Killed a black bear
  1619 | D:2      | Reached skill level 5 in Spellcasting
  1619 | D:2      | Reached XP level 4. HP: 24/24 MP: 4/13
  1619 | D:2      | Reached XP level 5. HP: 28/28 MP: 4/15
  1914 | D:3      | Noticed Terence
  1923 | D:3      | Killed Terence
  2132 | D:3      | Reached skill level 6 in Spellcasting
  2776 | D:4      | Found a broken altar of Ashenzari.
  2821 | D:4      | Noticed Menkaure
  2868 | D:4      | Found a shimmering altar of Xom.
  2881 | D:4      | Found a hazy altar of Hepliaklqana.
  3243 | D:4      | Reached XP level 6. HP: 25/33 MP: 13/17
  3289 | D:4      | Found a bloodstained altar of Trog.
  3304 | D:4      | Noticed Edmund
  3361 | D:5      | Entered Level 5 of the Dungeon
  3407 | D:5      | Found a white marble altar of Elyvilon.
  3640 | D:5      | Found a shimmering blue altar of Sif Muna.
  3664 | D:5      | Became a worshipper of Sif Muna the Loreminder
  3704 | D:5      | Noticed Grinder
  4213 | D:4      | Learned a level 3 spell: Vampiric Draining
  4252 | D:4      | Killed Edmund
  4253 | D:4      | Reached skill level 7 in Spellcasting
  4253 | D:4      | Reached XP level 7. HP: 13/37 MP: 10/19
  4361 | D:4      | Noticed a wizard
  4363 | D:4      | Killed a wizard
  4560 | D:4      | Found a runed translucent door.
  4561 | D:4      | Noticed Crazy Yiuf
  4925 | D:5      | Reached skill level 8 in Spellcasting
  5257 | D:6      | Found a glowing silver altar of Zin.
  5310 | D:6      | Reached XP level 8. HP: 39/42 MP: 13/22
  5343 | D:6      | Noticed Eustachio
  5349 | D:6      | Reached skill level 9 in Spellcasting
  5359 | D:6      | Killed Eustachio
  5625 | D:6      | Found a staircase to the Ecumenical Temple.
  5861 | D:6      | Found a radiant altar of Vehumet.
  5872 | D:6      | Reached * piety under Sif Muna
  5873 | D:6      | Reached skill level 10 in Spellcasting
  5873 | D:6      | Reached skill level 10 in Necromancy
  6445 | D:7      | Found an ornate altar of the Wu Jian Council.
  6537 | D:7      | Reached skill level 1 in Fighting
  6537 | D:7      | Reached XP level 9. HP: 43/47 MP: 7/25
  6814 | D:7      | Found a runed translucent door.
  6908 | D:7      | Found a stormy altar of Qazlal.
  7340 | D:7      | Learned a level 1 spell: Shock
  7343 | D:7      | Reached skill level 11 in Spellcasting
  7868 | D:8      | Reached skill level 1 in Armour
  7949 | D:8      | Reached skill level 1 in Invocations
  7950 | D:8      | Reached skill level 1 in Air Magic
  7952 | D:8      | Reached ** piety under Sif Muna
  8174 | D:5      | Paralysed by Grinder for 3 turns
  8179 | D:5      | Killed Grinder
  8180 | D:5      | Reached skill level 12 in Spellcasting
  8180 | D:5      | Reached skill level 1 in Conjurations
  8348 | D:4      | Killed Menkaure
  9220 | D:8      | Noticed a cyclops
  9267 | D:9      | Noticed a troll
  9295 | D:8      | Killed a cyclops
  9681 | D:8      | Reached XP level 10. HP: 28/52 MP: 15/28
  9692 | D:9      | Killed from afar by an electric eel

Illustrated notes

Levels and vault maps discovered:
D:1:      wander_arrival_lonely_grave, layout_rooms
D:2:      layout_basic, ebering_ecumenical_altar_petrified,
          kennysheep_generic_room_5
D:3:      layout_basic, uniq_terence
D:4:      layout_gridville, lemuel_crystal_altar, ashenzari_conservatory_becter,
          trog_wizard, mainiacjoe_overflow_six_doors_small, minmay_distorted,
          uniq_menkaure, uniq_edmund, uniq_crazy_yiuf_cottage
D:5:      layout_loops_ring, mainiacjoe_overflow_catwalk_spiral, uniq_grinder
D:6:      layout_rooms, mainiacjoe_overflow_boulevard, fiery_altar_vehumet,
          minmay_temple_entry_nine_rooms, minmay_ogre_servants, uniq_eustachio
D:7:      layout_loops_corners, mainiacjoe_overflow_surrounded_room,
          pdpol_wu_jian_five_deadly_venoms, lightli_church_of_beogh
D:8:      layout_loops_corners, makhleb_altar_promises_db, serial_undead,
          serial_undead_d, serial_undead_c, serial_undead_a, serial_undead_e
D:9:      layout_gridville, nicolae_gozag_cash_rules_everything_around_me,
          mainiacjoe_overflow_24_doors, erik_lair_island

Skill      XL: |  1  2  3  4  5  6  7  8  9 |
---------------+----------------------------+-----
Necromancy     | 5 6 8 9 10 11 | 11.4
Spellcasting   | 5 6 7 8 10 12 | 12.5
Stealth        | 3 |  3.4
Dodging        | 3 |  3.9
Fighting       | 1 |  1.5
Armour         | 1 |  1.2
Invocations    | 3 |  3.2
Air Magic      | 2 |  2.1
Conjurations   | 2 |  2.6
Ranged Weapons | |  0.4

Action                     |  1- 3 |  4- 6 |  7- 9 | 10-12 || total
---------------------------+-------+-------+-------+-------++-------
  Melee: Unarmed           |     1 |     1 |       |       ||     2
         Staff             |       |       |     1 |       ||     1
   Fire: Orcbow            |       |       |    12 |       ||    12
   Cast: Necrotise         |    59 |   113 |   187 |       ||   359
         Vampiric Draining |       |       |    27 |       ||    27
         Shock             |       |       |    72 |       ||    72
  Evoke: Wand              |       |       |     2 |       ||     2
    Use: Scroll            |       |       |     5 |     1 ||     6
         Potion            |       |       |     4 |       ||     4
 Armour: Robe              |     1 |     2 |    13 |       ||    16
         Leather armour    |       |       |    30 |       ||    30
  Dodge: Dodged            |     6 |    21 |   102 |     1 ||   130

Table legend: (Time is in decaauts)
 A = Elapsed time spent in this place.
 B = Non-inter-level travel time spent in this place.
 C = Inter-level travel time spent in this place.
 D = Time resting spent in this place.
 E = Time spent auto-exploring this place.
 F = Levels seen in this place.
 G = Mean time per level.
                   A        B        C        D        E       F      G
               +--------+--------+--------+--------+--------+-----+--------+
         Total |   9705 |   8361 |   1344 |    280 |   6268 |   9 | 1078.3 |
       Dungeon |   9705 |   8361 |   1344 |    280 |   6268 |   9 | 1078.3 |
               +--------+--------+--------+--------+--------+-----+--------+

Top non-repeatable levels by time:
     D:7: 1698 daAuts
     D:4: 1686 daAuts
     D:5: 1192 daAuts
     D:2: 1180 daAuts
     D:8: 1153 daAuts
     D:3: 1113 daAuts
     D:6: 987 daAuts
     D:1: 599 daAuts
     D:9: 95 daAuts
